Demolitions vs Carnivores (R1)

Created - 6 mai 2014 at 22:58

Goals
1 2 3 OT1 T
Demolitions 1 2 2 1 6
Carnivores 2 2 1 0 5
Shots
1 2 3 OT1 T
Demolitions 11 8 12 3 34
Carnivores 7 9 9 1 26

1st period

1. Carnivores , Tim Conboy 6 (Josef Melichar, Bobby Sanguinetti) at 7:38
2. Demolitions , Troy Brouwer 8 (Brad Richardson, Andy Rogers) at 8:19
3. Carnivores , David Van Der Gulik 14 (Bobby Sanguinetti) at 13:12 (PP)

Penalties :
Bobby Sanguinetti (Bre) for Hooking (Minor) at 1:07, Vince Rocco (Vic) for Hooking (Minor) at 13:00, Kyle Cumiskey (Vic) for Cross-checking (Minor) at 16:13

2nd period

4. Carnivores , Tim Conboy 7 (Cal O'Reilly, Josef Melichar) at 1:03 (SH)
5. Carnivores , David Schlemko 1 (Blake Geoffrion, David Van Der Gulik) at 5:12
6. Demolitions , Troy Brouwer 9 (Brad Richardson, Taylor Chorney) at 7:36 (PP)
7. Demolitions , Anthony Stewart 5 (T.J. Hensick) at 14:35 (PP)

Penalties :
Keith Aulie (Bre) for Hooking (Minor) at 0:07, Andrew Ference (Bre) for Roughing (Minor) at 7:04, Keith Aulie (Bre) for Unsportsmanlike conduct (Major / Game Misconduct) at 14:32

3rd period

8. Demolitions , Marcel Hossa 12 (Kyle Cumiskey, Anthony Stewart) at 7:33
9. Demolitions , T.J. Hensick 17 (Marcel Hossa) at 9:25 (PP)
10. Carnivores , Manny Malhotra 5 (Bobby Sanguinetti, Billy Sweat) at 16:44

Penalties :
Petr Vrana (Vic) for Holding (Minor) at 2:12, Robert Bortuzzo (Vic) for Diving (Minor) at 5:22, Brian Strait (Bre) for Hooking (Minor) at 9:16

Overtime #1

11. Demolitions , Bobby Butler 4 (Kyle Cumiskey, T.J. Hensick) at 2:51

Penalties :
No Penalty

Goalie Stats

Antero Niittymaki (Vic), 6 saves from 10 shots - (0,600), 25:12 minutes
Chad Johnson (Vic), 15 saves from 16 shots - (0,938), W, 2-1-0, 37:39 minutes
Steve Mason (Bre), 28 saves from 34 shots - (0,824), OTL, 5-4-1, 62:51 minutes

Players Stats for Demolitions

Player Name              G  A  P  +/- PIM S  H  SB GA TA FO     MP     PP MP  PK MP  
------------------------------------------------------------------------------------
Andy Rogers              0  1  1  -1  0   1  0  0  0  4  0/0    20:44   3:11   2:43 
Anthony Stewart          1  1  2  -1  0   2  2  0  1  0  2/3    22:59   4:37   1:45 
Anton Babchuk            0  0  0  -1  0   1  0  2  0  3  0/0    20:59   3:11   2:41 
Bobby Butler             1  0  1   1  0   1  2  0  1  0  0/0    11:43   1:02   0:00 
Brad Richardson          0  2  2  -1  0   3  1  0  0  1  6/11   19:36   3:53   3:07 
Brandon Bochenski        0  0  0  -1  0   1  5  0  0  0  0/0    16:22   3:45   0:00 
Cal Clutterbuck          0  0  0   0  0   0  5  0  0  0  0/1     7:27   0:44   0:00 
Jordan LaVallee          0  0  0   0  0   0  0  0  0  0  0/0     1:57   0:13   1:17 
Josh Beaulieu            0  0  0   0  0   0  0  0  0  0  0/0     0:00   0:00   0:00 
Kyle Cumiskey            0  2  2   1  2   2  3  2  2  0  0/0    28:38   6:04   2:33 
Kyle Wharton             0  0  0  -1  0   0  0  2  0  0  0/0    12:45   0:23   0:09 
Marc-André Bernier       0  0  0   1  0   3  0  0  1  1  0/0    11:51   1:16   0:00 
Marcel Hossa             1  1  2  -1  0   3  2  0  0  1  0/0    23:12   4:49   1:45 
Masi Marjamaki           0  0  0   0  0   0  0  0  0  0  0/0     0:00   0:00   0:00 
Nicolas Blanchard        0  0  0   1  0   1  0  0  1  1  4/7    11:41   0:14   0:25 
Petr Vrana               0  0  0   0  2   5  0  0  0  0  0/0     8:13   0:00   0:55 
Robert Bortuzzo          0  0  0   0  2   0  0  0  0  0  0/0    13:14   0:23   0:44 
Robert Klinkhammer       0  0  0   0  0   0  0  0  0  0  0/0     0:00   0:00   0:00 
Spencer Machacek         0  0  0   0  0   0  0  0  0  0  0/0     0:00   0:00   0:00 
T.J. Hensick             1  2  3  -2  0   6  2  0  1  2  24/40  24:07   4:37   3:04 
Taylor Chorney           0  1  1   1  0   2  0  3  0  0  0/0    29:33   6:04   3:28 
Troy Brouwer             2  0  2  -1  0   3  3  0  1  0  0/0    16:19   3:44   0:00 
Vince Rocco              0  0  0   0  2   0  0  0  0  0  2/4     6:42   0:00   0:00 

Players Stats for Carnivores

Player Name              G  A  P  +/- PIM S  H  SB GA TA FO     MP     PP MP  PK MP  
------------------------------------------------------------------------------------
Andrew Ference           0  0  0  -2  2   1  0  3  2  1  0/0    27:26   3:29   4:36 
Andy Miele               0  0  0  -1  0   3  2  0  0  0  0/3    16:58   2:55   0:00 
Anton Gustafsson         0  0  0   0  0   1  0  0  0  0  0/3     8:03   0:00   0:00 
Billy Sweat              0  1  1   2  0   0  3  0  0  0  0/0    14:52   2:52   0:14 
Blake Geoffrion          0  1  1  -1  0   3  2  0  4  0  0/0    17:30   3:14   1:39 
Bobby Sanguinetti        0  3  3   2  2   2  0  1  1  0  0/0    18:45   2:40   2:03 
Brian Strait             0  0  0   0  2   0  1  0  0  0  0/0     5:26   0:00   0:00 
Cal O'Reilly             0  1  1   0  0   2  0  1  1  0  10/21  17:32   0:00   3:08 
Chris Butler             0  0  0   1  0   1  0  1  0  1  0/0    18:53   1:39   1:16 
Chris Lawrence           0  0  0   0  0   1  2  0  0  0  0/0     8:23   0:00   0:00 
David Schlemko           1  0  1   1  0   2  0  1  0  1  0/0    11:32   0:32   2:22 
David Van Der Gulik      1  1  2  -1  0   2  3  1  0  0  0/1    21:41   3:14   5:01 
Evgeny Grachev           0  0  0  -1  0   0  1  0  0  0  9/19   17:00   3:05   1:26 
Jeremy Welsh             0  0  0   0  0   2  0  0  0  0  0/0     7:48   0:00   0:00 
Jordie Benn              0  0  0  -1  0   0  0  0  0  0  0/0    11:00   0:00   4:25 
Josef Melichar           0  2  2   2  0   0  2  1  0  2  0/0    19:55   2:40   3:14 
Keith Aulie              0  0  0  -1  17  1  0  2  0  0  0/0    13:29   1:18   1:20 
Manny Malhotra           1  0  1   2  0   1  2  1  0  0  3/6    11:11   0:00   0:03 
Matt Cullen              0  0  0  -1  0   2  0  1  4  2  6/13   22:48   2:55   5:01 
Tim Conboy               2  0  2   3  0   2  0  1  1  1  0/0    14:20   0:12   2:44 

3 Stars

1 - Tim Conboy (Bre)
2 - Troy Brouwer (Vic)
3 - Josef Melichar (Bre)

Power Play

Demolitions - 3 on 5 Attempt(s) - 60,00%
Carnivores - 1 on 4 Attempt(s) - 25,00%

Penalty Kill

Demolitions - 3 on 4 Attempt(s) - 75,00% - Score 0 goal in Penalty Kill
Carnivores - 2 on 5 Attempt(s) - 40,00% - Score 1 goal in Penalty Kill

Official

Referees : Martell Rob and Walsh Ian
Linesman : Tim Nowak and Darren Gibbs

Game Notes

Chad Johnson enters game at 5:12 of 2nd period
Keith Aulie ejected from game at 14:32 of 2nd period
Keith Aulie from Carnivores is suspended for 1 game(s)

Finance

Level 1 -- Attendance: 2000 (100,00%) -- Ticket Income 78 000 $
Level 2 -- Attendance: 1000 (100,00%) -- Ticket Income 18 000 $
Total Attendance: 3000 (100,00%)
Total Ticket Income: 96 000 $
Other Income: 4 800 $
Total Income: 100 800 $

Demolitions

5 vs 5 Forward 
   Center                   Left Wing                Right Wing               Time % Phy DF OF 
 1 T.J. Hensick             Marcel Hossa             Anthony Stewart          40     1   2  2  
 2 Brad Richardson          Troy Brouwer             Brandon Bochenski        30     1   2  2  
 3 Nicolas Blanchard        Bobby Butler             Marc-André Bernier       20     1   2  2  
 4 Vince Rocco              Petr Vrana               Cal Clutterbuck          10     1   2  2  

5 vs 5 Defense 
   Defense                  Defense                                           Time % Phy DF OF 
 1 Taylor Chorney           Kyle Cumiskey                                     40     1   2  2  
 2 Andy Rogers              Anton Babchuk                                     30     1   2  2  
 3 Kyle Wharton             Robert Bortuzzo                                   20     1   2  2  
 4 Taylor Chorney           Kyle Cumiskey                                     10     1   2  2  

PowerPlay Forward 
   Center                   Left Wing                Right Wing               Time % Phy DF OF 
 1 T.J. Hensick             Marcel Hossa             Anthony Stewart          60     1   2  2  
 2 Brad Richardson          Troy Brouwer             Brandon Bochenski        40     1   2  2  

PowerPlay Defense
   Defense                  Defense                                           Time % Phy DF OF 
 1 Taylor Chorney           Kyle Cumiskey                                     60     1   2  2  
 2 Andy Rogers              Anton Babchuk                                     40     1   2  2  

Penalty Kill 4 Players Forward 
   Center                   Wing                     Time % Phy DF OF 
 1 T.J. Hensick             Brad Richardson          60     1   2  2  
 2 Anthony Stewart          Marcel Hossa             40     1   2  2  

Penalty Kill 4 Players Defense
   Defense                  Defense                  Time % Phy DF OF 
 1 Taylor Chorney           Kyle Cumiskey            60     1   2  2  
 2 Andy Rogers              Anton Babchuk            40     1   2  2  

Penalty Kill - 3 Players Forward 
   Forward                                           Time % Phy DF OF 
 1 T.J. Hensick                                      60     1   2  2  
 2 Brad Richardson                                   40     1   2  2  

Penalty Kill - 3 Players Defense
   Defense                  Defense                  Time % Phy DF OF 
 1 Taylor Chorney           Kyle Cumiskey            60     1   2  2  
 2 Andy Rogers              Anton Babchuk            40     1   2  2  

4 vs 4 Forward 
   Center                   Wing                     Time % Phy DF OF 
 1 T.J. Hensick             Brad Richardson          60     1   2  2  
 2 Anthony Stewart          Marcel Hossa             40     1   2  2  

4 vs 4 Defense
   Defense                  Defense                  Time % Phy DF OF 
 1 Taylor Chorney           Kyle Cumiskey            60     1   2  2  
 2 Andy Rogers              Anton Babchuk            40     1   2  2  

Last Minutes Offensive
   Center                   Left Wing                Right Wing               Defense                  Defense                  
   T.J. Hensick             Marcel Hossa             Anthony Stewart          Taylor Chorney           Kyle Cumiskey            

Last Minutes Defensive
   Center                   Left Wing                Right Wing               Defense                  Defense                  
   T.J. Hensick             Marcel Hossa             Anthony Stewart          Taylor Chorney           Kyle Cumiskey            

Goaltenders
Starting : Antero Niittymaki        
Backup : Chad Johnson             

Extra Forwards
Normal : Bobby Butler, Marc-André Bernier, Petr Vrana - PP : Bobby Butler, Marc-André Bernier - PK : Petr Vrana
Extra Defensemen
Normal : Kyle Wharton, Robert Bortuzzo, Andy Rogers - PP : Kyle Wharton - PK : Robert Bortuzzo, Andy Rogers
Penalty Shots
T.J. Hensick, Brad Richardson, Anthony Stewart, Marcel Hossa, Troy Brouwer

Carnivores

5 vs 5 Forward 
   Center                   Left Wing                Right Wing               Time % Phy DF OF 
 1 Evgeny Grachev           Blake Geoffrion          David Van Der Gulik      35     0   2  2  
 2 Cal O'Reilly             Matt Cullen              Andy Miele               35     1   2  2  
 3 Manny Malhotra           Billy Sweat              Tim Conboy               20     1   2  2  
 4 Anton Gustafsson         Jeremy Welsh             Chris Lawrence           10     1   2  2  

5 vs 5 Defense 
   Defense                  Defense                                           Time % Phy DF OF 
 1 Keith Aulie              Andrew Ference                                    40     1   2  2  
 2 Bobby Sanguinetti        Josef Melichar                                    30     1   2  2  
 3 Chris Butler             David Schlemko                                    20     1   2  2  
 4 Jordie Benn              Brian Strait                                      10     1   2  2  

PowerPlay Forward 
   Center                   Left Wing                Right Wing               Time % Phy DF OF 
 1 Evgeny Grachev           Blake Geoffrion          David Van Der Gulik      50     1   2  2  
 2 Matt Cullen              Billy Sweat              Andy Miele               50     1   2  2  

PowerPlay Defense
   Defense                  Defense                                           Time % Phy DF OF 
 1 Keith Aulie              Andrew Ference                                    50     1   2  2  
 2 Bobby Sanguinetti        Josef Melichar                                    50     1   2  2  

Penalty Kill 4 Players Forward 
   Center                   Wing                     Time % Phy DF OF 
 1 Matt Cullen              David Van Der Gulik      60     1   2  2  
 2 Cal O'Reilly             Tim Conboy               40     1   2  2  

Penalty Kill 4 Players Defense
   Defense                  Defense                  Time % Phy DF OF 
 1 Keith Aulie              Andrew Ference           60     1   2  2  
 2 Bobby Sanguinetti        Josef Melichar           40     1   2  2  

Penalty Kill - 3 Players Forward 
   Forward                                           Time % Phy DF OF 
 1 David Van Der Gulik                               60     1   2  2  
 2 Matt Cullen                                       40     1   2  2  

Penalty Kill - 3 Players Defense
   Defense                  Defense                  Time % Phy DF OF 
 1 Keith Aulie              Andrew Ference           60     1   2  2  
 2 Bobby Sanguinetti        Josef Melichar           40     1   2  2  

4 vs 4 Forward 
   Center                   Wing                     Time % Phy DF OF 
 1 Matt Cullen              David Van Der Gulik      60     1   2  2  
 2 Cal O'Reilly             Andy Miele               40     1   2  2  

4 vs 4 Defense
   Defense                  Defense                  Time % Phy DF OF 
 1 Keith Aulie              Andrew Ference           60     1   2  2  
 2 Bobby Sanguinetti        Josef Melichar           40     1   2  2  

Last Minutes Offensive
   Center                   Left Wing                Right Wing               Defense                  Defense                  
   Matt Cullen              Blake Geoffrion          David Van Der Gulik      Bobby Sanguinetti        Andrew Ference           

Last Minutes Defensive
   Center                   Left Wing                Right Wing               Defense                  Defense                  
   Matt Cullen              Billy Sweat              David Van Der Gulik      Bobby Sanguinetti        Andrew Ference           

Goaltenders
Starting : Steve Mason              
Backup : Corey Crawford           

Extra Forwards
Normal : Tim Conboy, Billy Sweat, Anton Gustafsson - PP : Tim Conboy, Evgeny Grachev - PK : Evgeny Grachev
Extra Defensemen
Normal : Chris Butler, Jordie Benn, David Schlemko - PP : Chris Butler - PK : Jordie Benn, David Schlemko
Penalty Shots
Matt Cullen, David Van Der Gulik, Andy Miele, Jeremy Welsh, Tim Conboy

% Time on Ice - Demolitions

Lines # - Real PCT - Wanted PCT - Time Play
Normal Forward
1 - 36% - 40% - 16:54
2 - 27% - 30% - 12:52
3 - 22% - 20% - 10:35
4 - 14% - 10% - 6:43
Normal Defense
1 - 42% - 40% - 19:38
2 - 32% - 30% - 14:57
3 - 25% - 20% - 11:49
4 - 1% - 10% - 0:40
PP Forward
1 - 60% - 60% - 5:44
2 - 40% - 40% - 3:54
PP Defense
1 - 63% - 60% - 6:04
2 - 37% - 40% - 3:34
PK Forward
1 - 72% - 60% - 4:24
2 - 28% - 40% - 1:45
PK Defense
1 - 62% - 60% - 3:50
2 - 38% - 40% - 2:19
PK3 Forward
1 - 0% - 60%
2 - 0% - 40%
PK3 Defense
1 - 0% - 60%
2 - 0% - 40%
44 Forward
1 - 0% - 60%
2 - 0% - 40%
44 Defense
1 - 0% - 60%
2 - 0% - 40%
Last Minute Offensive  - 0:00
Last Minute Defensive  - 0:00
Total
Forward - 62:51
Defense - 62:51

% Time on Ice - Carnivores

Lines # - Real PCT - Wanted PCT - Time Play
Normal Forward
1 - 30% - 35% - 14:05
2 - 30% - 35% - 14:03
3 - 24% - 20% - 11:08
4 - 17% - 10% - 7:48
Normal Defense
1 - 42% - 40% - 19:48
2 - 30% - 30% - 14:01
3 - 17% - 20% - 7:48
4 - 12% - 10% - 5:27
PP Forward
1 - 53% - 50% - 3:14
2 - 47% - 50% - 2:55
PP Defense
1 - 57% - 50% - 3:29
2 - 43% - 50% - 2:40
PK Forward
1 - 72% - 60% - 6:54
2 - 28% - 40% - 2:44
PK Defense
1 - 66% - 60% - 6:24
2 - 34% - 40% - 3:14
PK3 Forward
1 - 0% - 60%
2 - 0% - 40%
PK3 Defense
1 - 0% - 60%
2 - 0% - 40%
44 Forward
1 - 0% - 60%
2 - 0% - 40%
44 Defense
1 - 0% - 60%
2 - 0% - 40%
Last Minute Offensive  - 0:00
Last Minute Defensive  - 0:00
Total
Forward - 62:51
Defense - 62:51

Play by Play

1st period


0:01 of 1st period - T.J. Hensick wins face-off versus Evgeny Grachev in neutral zone.
0:31 of 1st period - Wrist shot by Troy Brouwer.
0:31 of 1st period - Shot Misses the Net.
1:05 of 1st period - Wrist shot by Bobby Butler.
1:05 of 1st period - Deflect By Petr Vrana.
1:05 of 1st period - Stopped by Steve Mason with a rebound.
1:07 of 1st period - Minor Penalty to Bobby Sanguinetti for Hooking.
1:08 of 1st period - Matt Cullen wins face-off versus T.J. Hensick in Carnivores zone.
1:34 of 1st period - Matt Cullen is hit by Kyle Cumiskey.
1:48 of 1st period - Wrist shot by David Van Der Gulik.
1:48 of 1st period - Stopped by Antero Niittymaki with a rebound.
1:50 of 1st period - Slapshot by Keith Aulie.
1:50 of 1st period - Shot Blocked by Taylor Chorney.
1:52 of 1st period - Snap shot by Matt Cullen.
1:52 of 1st period - Stopped by Antero Niittymaki with a rebound.
3:07 of 1st period - Penalty to Bobby Sanguinetti is over, Bobby Sanguinetti is back on ice.
5:40 of 1st period - Icing by Andy Miele.
5:41 of 1st period - Cal O'Reilly wins face-off versus T.J. Hensick in Carnivores zone.
6:52 of 1st period - Snap shot by T.J. Hensick.
6:52 of 1st period - Shot Misses the Net.
7:22 of 1st period - Wrist shot by Manny Malhotra.
7:22 of 1st period - Shot Blocked by Kyle Cumiskey.
7:32 of 1st period - Snap shot by Manny Malhotra.
7:32 of 1st period - Shot Misses the Net.
7:34 of 1st period - Slapshot by Bobby Sanguinetti.
7:34 of 1st period - Shot Misses the Net.
7:36 of 1st period - Wrist shot by Bobby Sanguinetti.
7:36 of 1st period - Shot Hit the Post.
7:38 of 1st period - Slapshot by Josef Melichar.
7:38 of 1st period - Deflect By Tim Conboy.
7:38 of 1st period - Goal by Tim Conboy - Demolitions : 0 - Carnivores : 1.
7:39 of 1st period - Cal O'Reilly wins face-off versus T.J. Hensick in neutral zone.
7:45 of 1st period - Off-side.
7:46 of 1st period - Cal O'Reilly wins face-off versus T.J. Hensick in neutral zone.
8:19 of 1st period - Snap shot by Troy Brouwer.
8:19 of 1st period - Goal by Troy Brouwer - Demolitions : 1 - Carnivores : 1.
8:20 of 1st period - T.J. Hensick wins face-off versus Evgeny Grachev in neutral zone.
8:59 of 1st period - Snap shot by Marc-André Bernier.
8:59 of 1st period - Stopped by Steve Mason without a rebound.
9:00 of 1st period - T.J. Hensick wins face-off versus Cal O'Reilly in Carnivores zone.
9:01 of 1st period - Slapshot by Marcel Hossa.
9:01 of 1st period - Shot Misses the Net.
9:03 of 1st period - Snap shot by T.J. Hensick.
9:03 of 1st period - Stopped by Steve Mason with a rebound.
9:05 of 1st period - Wrist shot by Anthony Stewart.
9:05 of 1st period - Deflect By Marcel Hossa.
9:05 of 1st period - Shot Hit the Post.
9:05 of 1st period - Puck is out of play.
9:06 of 1st period - Cal O'Reilly wins face-off versus T.J. Hensick in Carnivores zone.
9:27 of 1st period - Matt Cullen is hit by Marcel Hossa and loses puck.
9:45 of 1st period - Snap shot by T.J. Hensick.
9:45 of 1st period - Stopped by Steve Mason without a rebound.
9:46 of 1st period - Brad Richardson wins face-off versus Evgeny Grachev in Carnivores zone.
10:53 of 1st period - Wrist shot by Cal O'Reilly.
10:53 of 1st period - Stopped by Antero Niittymaki without a rebound.
10:54 of 1st period - T.J. Hensick wins face-off versus Cal O'Reilly in Demolitions zone.
11:22 of 1st period - Off-side.
11:23 of 1st period - Evgeny Grachev wins face-off versus Brad Richardson in neutral zone.
11:57 of 1st period - Snap shot by David Van Der Gulik.
11:57 of 1st period - Deflect By Blake Geoffrion.
11:57 of 1st period - Shot Misses the Net.
11:57 of 1st period - Puck is out of play.
11:58 of 1st period - T.J. Hensick wins face-off versus Cal O'Reilly in Demolitions zone.
12:03 of 1st period - Wrist shot by Andy Miele.
12:03 of 1st period - Stopped by Antero Niittymaki with a rebound.
12:52 of 1st period - Slapshot by Keith Aulie.
12:52 of 1st period - Shot Blocked by Anton Babchuk.
13:00 of 1st period - Minor Penalty to Vince Rocco for Hooking.
13:01 of 1st period - T.J. Hensick wins face-off versus Evgeny Grachev in Demolitions zone.
13:12 of 1st period - Snap shot by David Van Der Gulik.
13:12 of 1st period - Goal by David Van Der Gulik - Demolitions : 1 - Carnivores : 2.
13:13 of 1st period - Anthony Stewart wins face-off versus Andy Miele in neutral zone.
13:28 of 1st period - Kyle Cumiskey is hit by Andy Miele.
13:46 of 1st period - Kyle Cumiskey is hit by Josef Melichar and loses puck.
14:01 of 1st period - Slapshot by Matt Cullen.
14:01 of 1st period - Stopped by Antero Niittymaki with a rebound.
14:03 of 1st period - Slapshot by Josef Melichar.
14:03 of 1st period - Deflect By Matt Cullen.
14:03 of 1st period - Shot Misses the Net.
14:03 of 1st period - Puck is out of play.
14:04 of 1st period - T.J. Hensick wins face-off versus Evgeny Grachev in Demolitions zone.
14:15 of 1st period - Slapshot by T.J. Hensick.
14:15 of 1st period - Stopped by Steve Mason with a rebound.
14:31 of 1st period - Andy Rogers is hit by Billy Sweat and loses puck.
15:42 of 1st period - Marcel Hossa is hit by Brian Strait and loses puck.
15:59 of 1st period - Kyle Cumiskey is hit by Chris Lawrence.
16:13 of 1st period - Minor Penalty to Kyle Cumiskey for Cross-checking.
16:14 of 1st period - T.J. Hensick wins face-off versus Andy Miele in Demolitions zone.
18:13 of 1st period - Penalty to Kyle Cumiskey is over, Kyle Cumiskey is back on ice.
18:29 of 1st period - Wrist shot by Marc-André Bernier.
18:29 of 1st period - Stopped by Steve Mason without a rebound.
18:30 of 1st period - Manny Malhotra wins face-off versus Cal Clutterbuck in Carnivores zone.
18:30 of 1st period - Manny Malhotra is hit by Cal Clutterbuck.
18:33 of 1st period - Tim Conboy is hit by Cal Clutterbuck and loses puck.
18:40 of 1st period - Slapshot by Petr Vrana.
18:40 of 1st period - Stopped by Steve Mason with a rebound.
18:42 of 1st period - Slapshot by Kyle Cumiskey.
18:42 of 1st period - Stopped by Steve Mason with a rebound.
18:44 of 1st period - Snap shot by Petr Vrana.
18:44 of 1st period - Stopped by Steve Mason without a rebound.
18:45 of 1st period - T.J. Hensick wins face-off versus Cal O'Reilly in Carnivores zone.
18:50 of 1st period - Snap shot by T.J. Hensick.
18:50 of 1st period - Shot Misses the Net.
18:58 of 1st period - Snap shot by Matt Cullen.
18:58 of 1st period - Shot Misses the Net.
19:12 of 1st period - Jeremy Welsh is hit by Troy Brouwer and loses puck.
19:29 of 1st period - Off-side.
19:30 of 1st period - Nicolas Blanchard wins face-off versus Manny Malhotra in neutral zone.
19:35 of 1st period - Billy Sweat is hit by Bobby Butler and loses puck.
19:40 of 1st period - Wrist shot by Bobby Butler.
19:40 of 1st period - Shot Blocked by Keith Aulie.
19:44 of 1st period - Wrist shot by Nicolas Blanchard.
19:44 of 1st period - Stopped by Steve Mason without a rebound.
19:45 of 1st period - T.J. Hensick wins face-off versus Evgeny Grachev in Carnivores zone.
19:46 of 1st period - Snap shot by Anthony Stewart.
19:46 of 1st period - Shot Blocked by Andrew Ference.
19:55 of 1st period - Off-side.
19:56 of 1st period - T.J. Hensick wins face-off versus Evgeny Grachev in neutral zone.
Goals for this period are 1 for Demolitions vs 2 for Carnivores.
Shots for this period are 11 for Demolitions vs 7 for Carnivores.

2nd period


0:01 of 2nd period - Anthony Stewart wins face-off versus Evgeny Grachev in neutral zone.
0:07 of 2nd period - Minor Penalty to Keith Aulie for Hooking.
0:08 of 2nd period - Matt Cullen wins face-off versus T.J. Hensick in Carnivores zone.
0:08 of 2nd period - Matt Cullen is hit by T.J. Hensick.
0:17 of 2nd period - Snap shot by T.J. Hensick.
0:17 of 2nd period - Shot Misses the Net.
0:43 of 2nd period - Snap shot by Brandon Bochenski.
0:43 of 2nd period - Shot Misses the Net.
1:03 of 2nd period - Snap shot by Tim Conboy.
1:03 of 2nd period - Goal by Tim Conboy - Demolitions : 1 - Carnivores : 3.
1:04 of 2nd period - T.J. Hensick wins face-off versus David Van Der Gulik in neutral zone.
1:06 of 2nd period - Off-side.
1:07 of 2nd period - Matt Cullen wins face-off versus T.J. Hensick in neutral zone.
1:22 of 2nd period - Wrist shot by T.J. Hensick.
1:22 of 2nd period - Shot Misses the Net.
2:07 of 2nd period - Penalty to Keith Aulie is over, Keith Aulie is back on ice.
2:45 of 2nd period - Snap shot by Petr Vrana.
2:45 of 2nd period - Shot Blocked by Matt Cullen.
3:39 of 2nd period - Icing by David Schlemko.
3:40 of 2nd period - Manny Malhotra wins face-off versus Nicolas Blanchard in Carnivores zone.
3:47 of 2nd period - Wrist shot by Nicolas Blanchard.
3:47 of 2nd period - Shot Misses the Net.
3:49 of 2nd period - Slapshot by Taylor Chorney.
3:49 of 2nd period - Shot Blocked by David Schlemko.
3:51 of 2nd period - Slapshot by Nicolas Blanchard.
3:51 of 2nd period - Shot Misses the Net.
3:53 of 2nd period - Slapshot by Marc-André Bernier.
3:53 of 2nd period - Shot Blocked by Tim Conboy.
4:50 of 2nd period - Icing by David Schlemko.
4:51 of 2nd period - Vince Rocco wins face-off versus Evgeny Grachev in Carnivores zone.
4:56 of 2nd period - Wrist shot by T.J. Hensick.
4:56 of 2nd period - Shot Blocked by David Van Der Gulik.
5:10 of 2nd period - Wrist shot by Blake Geoffrion.
5:10 of 2nd period - Stopped by Antero Niittymaki with a rebound.
5:12 of 2nd period - Snap shot by David Schlemko.
5:12 of 2nd period - Goal by David Schlemko - Demolitions : 1 - Carnivores : 4.
5:12 of 2nd period - Chad Johnson enters game.
5:13 of 2nd period - T.J. Hensick wins face-off versus Cal O'Reilly in neutral zone.
5:40 of 2nd period - Andrew Ference is hit by Brandon Bochenski and loses puck.
6:09 of 2nd period - Slapshot by Bobby Butler.
6:09 of 2nd period - Shot Misses the Net.
6:28 of 2nd period - Off-side.
6:29 of 2nd period - Cal O'Reilly wins face-off versus T.J. Hensick in neutral zone.
7:04 of 2nd period - Minor Penalty to Andrew Ference for Roughing.
7:05 of 2nd period - T.J. Hensick wins face-off versus Matt Cullen in Carnivores zone.
7:36 of 2nd period - Wrist shot by Troy Brouwer.
7:36 of 2nd period - Goal by Troy Brouwer - Demolitions : 2 - Carnivores : 4.
7:37 of 2nd period - T.J. Hensick wins face-off versus Cal O'Reilly in neutral zone.
7:40 of 2nd period - Keith Aulie is hit by Marcel Hossa and loses puck.
8:11 of 2nd period - Snap shot by Brad Richardson.
8:11 of 2nd period - Shot Blocked by Keith Aulie.
8:49 of 2nd period - Snap shot by Keith Aulie.
8:49 of 2nd period - Deflect By Bobby Butler.
8:49 of 2nd period - Stopped by Chad Johnson with a rebound.
8:51 of 2nd period - Slapshot by Andrew Ference.
8:51 of 2nd period - Deflect By Jeremy Welsh.
8:51 of 2nd period - Stopped by Chad Johnson with a rebound.
8:53 of 2nd period - Slapshot by Andrew Ference.
8:53 of 2nd period - Stopped by Chad Johnson with a rebound.
9:07 of 2nd period - Wrist shot by Andy Miele.
9:07 of 2nd period - Stopped by Chad Johnson with a rebound.
9:09 of 2nd period - Wrist shot by Matt Cullen.
9:09 of 2nd period - Shot Blocked by Kyle Wharton.
9:11 of 2nd period - Slapshot by Bobby Sanguinetti.
9:11 of 2nd period - Stopped by Chad Johnson with a rebound.
9:31 of 2nd period - Wrist shot by Blake Geoffrion.
9:31 of 2nd period - Shot Misses the Net.
9:47 of 2nd period - Cal Clutterbuck is hit by Manny Malhotra and loses puck.
10:04 of 2nd period - Snap shot by T.J. Hensick.
10:04 of 2nd period - Shot Misses the Net.
10:22 of 2nd period - Slapshot by Chris Lawrence.
10:22 of 2nd period - Shot Misses the Net.
10:24 of 2nd period - Snap shot by David Schlemko.
10:24 of 2nd period - Shot Blocked by Taylor Chorney.
10:26 of 2nd period - Slapshot by David Schlemko.
10:26 of 2nd period - Stopped by Chad Johnson without a rebound.
10:27 of 2nd period - Brad Richardson wins face-off versus Anton Gustafsson in Demolitions zone.
11:41 of 2nd period - Tim Conboy is hit by Cal Clutterbuck and loses puck.
12:20 of 2nd period - Andy Miele is hit by Kyle Cumiskey and loses puck.
12:43 of 2nd period - Slapshot by Kyle Cumiskey.
12:43 of 2nd period - Deflect By Marc-André Bernier.
12:43 of 2nd period - Stopped by Steve Mason with a rebound.
12:49 of 2nd period - Taylor Chorney is hit by David Van Der Gulik and loses puck.
13:06 of 2nd period - Snap shot by Brad Richardson.
13:06 of 2nd period - Shot Misses the Net.
13:08 of 2nd period - Slapshot by Kyle Cumiskey.
13:08 of 2nd period - Shot Misses the Net.
13:10 of 2nd period - Snap shot by Troy Brouwer.
13:10 of 2nd period - Stopped by Steve Mason with a rebound.
13:20 of 2nd period - Wrist shot by Petr Vrana.
13:20 of 2nd period - Stopped by Steve Mason without a rebound.
13:21 of 2nd period - Cal O'Reilly wins face-off versus Vince Rocco in Carnivores zone.
13:46 of 2nd period - T.J. Hensick is hit by David Van Der Gulik and loses puck.
13:54 of 2nd period - Off-side.
13:55 of 2nd period - Cal O'Reilly wins face-off versus T.J. Hensick in neutral zone.
13:58 of 2nd period - Slapshot by Josef Melichar.
13:58 of 2nd period - Shot Blocked by Kyle Wharton.
14:00 of 2nd period - Slapshot by Josef Melichar.
14:00 of 2nd period - Shot Misses the Net.
14:02 of 2nd period - Slapshot by Cal O'Reilly.
14:02 of 2nd period - Shot Misses the Net.
14:26 of 2nd period - Snap shot by Brad Richardson.
14:26 of 2nd period - Stopped by Steve Mason with a rebound.
14:28 of 2nd period - Slapshot by Brad Richardson.
14:28 of 2nd period - Stopped by Steve Mason without a rebound.
14:29 of 2nd period - Evgeny Grachev wins face-off versus Brad Richardson in Carnivores zone.
14:29 of 2nd period - Evgeny Grachev is hit by Brandon Bochenski.
14:32 of 2nd period - Major / Game Misconduct Penalty to Keith Aulie for Unsportsmanlike conduct.
14:32 of 2nd period - Keith Aulie is ejected from game.
14:33 of 2nd period - T.J. Hensick wins face-off versus Matt Cullen in Carnivores zone.
14:33 of 2nd period - Snap shot by Marcel Hossa.
14:33 of 2nd period - Stopped by Steve Mason without a rebound.
14:34 of 2nd period - T.J. Hensick wins face-off versus Matt Cullen in Carnivores zone.
14:35 of 2nd period - Snap shot by Anthony Stewart.
14:35 of 2nd period - Goal by Anthony Stewart - Demolitions : 3 - Carnivores : 4.
14:36 of 2nd period - T.J. Hensick wins face-off versus Matt Cullen in neutral zone.
14:43 of 2nd period - Andrew Ference is hit by Anthony Stewart and loses puck.
15:28 of 2nd period - Snap shot by Matt Cullen.
15:28 of 2nd period - Shot Blocked by Anton Babchuk.
16:17 of 2nd period - Icing by T.J. Hensick.
16:18 of 2nd period - T.J. Hensick wins face-off versus Matt Cullen in Demolitions zone.
17:23 of 2nd period - Andrew Ference is hit by Kyle Cumiskey and loses puck.
18:09 of 2nd period - Bobby Sanguinetti is hit by Cal Clutterbuck and loses puck.
19:32 of 2nd period - Penalty to Keith Aulie is over, Chris Lawrence is send on ice.
19:37 of 2nd period - Cal O'Reilly is hit by Cal Clutterbuck and loses puck.
19:57 of 2nd period - Icing by Nicolas Blanchard.
19:58 of 2nd period - Nicolas Blanchard wins face-off versus Anton Gustafsson in Demolitions zone.
19:58 of 2nd period - Nicolas Blanchard is hit by Chris Lawrence.
Goals for this period are 2 for Demolitions vs 2 for Carnivores.
Shots for this period are 8 for Demolitions vs 9 for Carnivores.

3rd period


0:01 of 3rd period - Cal O'Reilly wins face-off versus T.J. Hensick in neutral zone.
0:26 of 3rd period - Andrew Ference is hit by Brad Richardson and loses puck.
0:35 of 3rd period - Snap shot by Blake Geoffrion.
0:35 of 3rd period - Stopped by Chad Johnson without a rebound.
0:36 of 3rd period - Cal O'Reilly wins face-off versus T.J. Hensick in Demolitions zone.
0:49 of 3rd period - Snap shot by Cal O'Reilly.
0:49 of 3rd period - Stopped by Chad Johnson without a rebound.
0:50 of 3rd period - Evgeny Grachev wins face-off versus T.J. Hensick in Demolitions zone.
0:51 of 3rd period - Snap shot by David Van Der Gulik.
0:51 of 3rd period - Shot Blocked by Kyle Cumiskey.
1:56 of 3rd period - Slapshot by Cal Clutterbuck.
1:56 of 3rd period - Shot Misses the Net.
1:58 of 3rd period - Snap shot by Petr Vrana.
1:58 of 3rd period - Deflect By Andrew Ference.
1:58 of 3rd period - Shot Blocked by Chris Butler.
1:58 of 3rd period - Puck is out of play.
1:59 of 3rd period - Vince Rocco wins face-off versus Anton Gustafsson in Carnivores zone.
2:10 of 3rd period - Wrist shot by Chris Lawrence.
2:10 of 3rd period - Stopped by Chad Johnson with a rebound.
2:12 of 3rd period - Minor Penalty to Petr Vrana for Holding.
2:13 of 3rd period - T.J. Hensick wins face-off versus Matt Cullen in Demolitions zone.
4:12 of 3rd period - Penalty to Petr Vrana is over, Petr Vrana is back on ice.
4:44 of 3rd period - Slapshot by Anton Babchuk.
4:44 of 3rd period - Stopped by Steve Mason without a rebound.
4:45 of 3rd period - Matt Cullen wins face-off versus Brad Richardson in Carnivores zone.
5:08 of 3rd period - Wrist shot by Anton Gustafsson.
5:08 of 3rd period - Stopped by Chad Johnson with a rebound.
5:14 of 3rd period - Snap shot by Anton Gustafsson.
5:14 of 3rd period - Shot Misses the Net.
5:16 of 3rd period - Wrist shot by Jeremy Welsh.
5:16 of 3rd period - Stopped by Chad Johnson with a rebound.
5:22 of 3rd period - Minor Penalty to Robert Bortuzzo for Diving.
5:23 of 3rd period - Matt Cullen wins face-off versus T.J. Hensick in Demolitions zone.
6:12 of 3rd period - Anton Babchuk is hit by Andy Miele and loses puck.
7:17 of 3rd period - Andrew Ference is hit by Anthony Stewart.
7:22 of 3rd period - Penalty to Robert Bortuzzo is over, Robert Bortuzzo is back on ice.
7:27 of 3rd period - Snap shot by Anthony Stewart.
7:27 of 3rd period - Shot Misses the Net.
7:29 of 3rd period - Slapshot by Kyle Cumiskey.
7:29 of 3rd period - Stopped by Steve Mason with a rebound.
7:31 of 3rd period - Wrist shot by Marcel Hossa.
7:31 of 3rd period - Shot Misses the Net.
7:33 of 3rd period - Wrist shot by Marcel Hossa.
7:33 of 3rd period - Goal by Marcel Hossa - Demolitions : 4 - Carnivores : 4.
7:34 of 3rd period - T.J. Hensick wins face-off versus Cal O'Reilly in neutral zone.
7:47 of 3rd period - Andy Miele is hit by T.J. Hensick and loses puck.
8:00 of 3rd period - Billy Sweat is hit by Troy Brouwer and loses puck.
9:09 of 3rd period - Slapshot by Brad Richardson.
9:09 of 3rd period - Stopped by Steve Mason without a rebound.
9:10 of 3rd period - Brad Richardson wins face-off versus Andy Miele in Carnivores zone.
9:16 of 3rd period - Minor Penalty to Brian Strait for Hooking.
9:17 of 3rd period - Matt Cullen wins face-off versus T.J. Hensick in Carnivores zone.
9:23 of 3rd period - Snap shot by Marcel Hossa.
9:23 of 3rd period - Stopped by Steve Mason without a rebound.
9:24 of 3rd period - T.J. Hensick wins face-off versus Matt Cullen in Carnivores zone.
9:25 of 3rd period - Slapshot by Marcel Hossa.
9:25 of 3rd period - Deflect By T.J. Hensick.
9:25 of 3rd period - Goal by T.J. Hensick - Demolitions : 5 - Carnivores : 4.
9:26 of 3rd period - Evgeny Grachev wins face-off versus T.J. Hensick in neutral zone.
9:38 of 3rd period - Slapshot by Taylor Chorney.
9:38 of 3rd period - Stopped by Steve Mason with a rebound.
9:52 of 3rd period - Andy Miele is hit by Brandon Bochenski and loses puck.
9:57 of 3rd period - Slapshot by Troy Brouwer.
9:57 of 3rd period - Deflect By Brandon Bochenski.
9:57 of 3rd period - Shot Misses the Net.
9:57 of 3rd period - Puck is out of play.
9:58 of 3rd period - Brad Richardson wins face-off versus Cal O'Reilly in Carnivores zone.
9:59 of 3rd period - Wrist shot by Troy Brouwer.
9:59 of 3rd period - Shot Blocked by Josef Melichar.
10:09 of 3rd period - Slapshot by Bobby Sanguinetti.
10:09 of 3rd period - Stopped by Chad Johnson without a rebound.
10:10 of 3rd period - Evgeny Grachev wins face-off versus Anthony Stewart in Demolitions zone.
10:23 of 3rd period - Anthony Stewart is hit by David Van Der Gulik and loses puck.
10:36 of 3rd period - Cal O'Reilly is hit by Brandon Bochenski.
10:57 of 3rd period - Snap shot by Bobby Butler.
10:57 of 3rd period - Shot Blocked by Manny Malhotra.
11:18 of 3rd period - Kyle Wharton is hit by Josef Melichar and loses puck.
12:14 of 3rd period - Backhand shot by Anton Babchuk.
12:14 of 3rd period - Shot Misses the Net.
12:16 of 3rd period - Wrist shot by Anthony Stewart.
12:16 of 3rd period - Stopped by Steve Mason with a rebound.
12:18 of 3rd period - Slapshot by Andy Rogers.
12:18 of 3rd period - Shot Blocked by Bobby Sanguinetti.
12:20 of 3rd period - Wrist shot by T.J. Hensick.
12:20 of 3rd period - Deflect By Bobby Sanguinetti.
12:20 of 3rd period - Shot Misses the Net.
12:20 of 3rd period - Puck is out of play.
12:21 of 3rd period - Evgeny Grachev wins face-off versus Brad Richardson in Carnivores zone.
12:21 of 3rd period - Evgeny Grachev is hit by Brandon Bochenski.
12:28 of 3rd period - Andrew Ference is hit by Troy Brouwer and loses puck.
13:16 of 3rd period - Snap shot by Petr Vrana.
13:16 of 3rd period - Stopped by Steve Mason with a rebound.
13:18 of 3rd period - Snap shot by Cal Clutterbuck.
13:18 of 3rd period - Shot Blocked by Andrew Ference.
13:48 of 3rd period - Anthony Stewart is hit by Billy Sweat and loses puck.
13:55 of 3rd period - Marcel Hossa is hit by Manny Malhotra and loses puck.
14:35 of 3rd period - Slapshot by Blake Geoffrion.
14:35 of 3rd period - Stopped by Chad Johnson without a rebound.
14:36 of 3rd period - T.J. Hensick wins face-off versus Evgeny Grachev in Demolitions zone.
14:36 of 3rd period - T.J. Hensick is hit by Evgeny Grachev.
15:06 of 3rd period - Snap shot by T.J. Hensick.
15:06 of 3rd period - Stopped by Steve Mason with a rebound.
15:20 of 3rd period - Wrist shot by Marcel Hossa.
15:20 of 3rd period - Shot Misses the Net.
15:31 of 3rd period - Off-side.
15:32 of 3rd period - Nicolas Blanchard wins face-off versus Cal O'Reilly in neutral zone.
15:43 of 3rd period - Snap shot by Matt Cullen.
15:43 of 3rd period - Shot Blocked by Taylor Chorney.
15:45 of 3rd period - Wrist shot by Andy Miele.
15:45 of 3rd period - Stopped by Chad Johnson without a rebound.
15:46 of 3rd period - Evgeny Grachev wins face-off versus Nicolas Blanchard in Demolitions zone.
15:47 of 3rd period - Slapshot by David Van Der Gulik.
15:47 of 3rd period - Shot Misses the Net.
16:32 of 3rd period - Off-side.
16:33 of 3rd period - Brad Richardson wins face-off versus Manny Malhotra in neutral zone.
16:44 of 3rd period - Wrist shot by Manny Malhotra.
16:44 of 3rd period - Goal by Manny Malhotra - Demolitions : 5 - Carnivores : 5.
16:45 of 3rd period - Nicolas Blanchard wins face-off versus Manny Malhotra in neutral zone.
16:58 of 3rd period - Snap shot by Kyle Cumiskey.
16:58 of 3rd period - Shot Misses the Net.
17:33 of 3rd period - Snap shot by Brandon Bochenski.
17:33 of 3rd period - Stopped by Steve Mason without a rebound.
17:34 of 3rd period - Brad Richardson wins face-off versus Cal O'Reilly in Carnivores zone.
17:39 of 3rd period - Wrist shot by Brandon Bochenski.
17:39 of 3rd period - Shot Misses the Net.
17:41 of 3rd period - Slapshot by Andy Rogers.
17:41 of 3rd period - Stopped by Steve Mason without a rebound.
17:42 of 3rd period - Manny Malhotra wins face-off versus Nicolas Blanchard in Carnivores zone.
17:56 of 3rd period - Slapshot by Andrew Ference.
17:56 of 3rd period - Shot Misses the Net.
18:54 of 3rd period - Kyle Cumiskey is hit by Blake Geoffrion and loses puck.
19:01 of 3rd period - Petr Vrana is hit by Blake Geoffrion and loses puck.
Goals for this period are 2 for Demolitions vs 1 for Carnivores.
Shots for this period are 12 for Demolitions vs 9 for Carnivores.

Overtime #1


0:01 of 1st overtime period - Cal O'Reilly wins face-off versus T.J. Hensick in neutral zone.
0:04 of 1st overtime period - Wrist shot by Andy Miele.
0:04 of 1st overtime period - Shot Misses the Net.
0:07 of 1st overtime period - Icing by T.J. Hensick.
0:08 of 1st overtime period - T.J. Hensick wins face-off versus Cal O'Reilly in Demolitions zone.
0:42 of 1st overtime period - Wrist shot by T.J. Hensick.
0:42 of 1st overtime period - Stopped by Steve Mason with a rebound.
0:56 of 1st overtime period - Wrist shot by Anthony Stewart.
0:56 of 1st overtime period - Shot Blocked by Cal O'Reilly.
0:58 of 1st overtime period - Snap shot by Taylor Chorney.
0:58 of 1st overtime period - Stopped by Steve Mason without a rebound.
0:59 of 1st overtime period - Evgeny Grachev wins face-off versus Brad Richardson in Carnivores zone.
1:27 of 1st overtime period - Jordie Benn is hit by Bobby Butler and loses puck.
1:37 of 1st overtime period - Off-side.
1:38 of 1st overtime period - Evgeny Grachev wins face-off versus Vince Rocco in neutral zone.
2:03 of 1st overtime period - Taylor Chorney is hit by Billy Sweat and loses puck.
2:11 of 1st overtime period - Slapshot by Chris Butler.
2:11 of 1st overtime period - Stopped by Chad Johnson with a rebound.
2:27 of 1st overtime period - Wrist shot by Chris Lawrence.
2:27 of 1st overtime period - Shot Misses the Net.
2:49 of 1st overtime period - Wrist shot by Kyle Cumiskey.
2:49 of 1st overtime period - Shot Blocked by Andrew Ference.
2:51 of 1st overtime period - Slapshot by Kyle Cumiskey.
2:51 of 1st overtime period - Deflect By Bobby Butler.
2:51 of 1st overtime period - Goal by Bobby Butler - Demolitions : 6 - Carnivores : 5.
Goals for this period are 1 for Demolitions vs 0 for Carnivores.
Shots for this period are 3 for Demolitions vs 1 for Carnivores.


Output by the SimonT Hockey Simulator (STHS) for François Prévost -- Original Page W3C XHTML 1.0 Valid
Hockey Simulator - Hockey Simulation - Hockey Manager